 Dungeon Crawl Stone Soup version 0.30-a0-937-ga0a21ad780 (webtiles) character file.

Game seed: 14139010988404882606

151 Demosthentine the Ducker (level 5, -2/41 HPs)
             Began as a Demonspawn Gladiator on Mar 24, 2023.
             Slain by a sleepcap (7 damage)
             ... on level 2 of the Dungeon.
             The game lasted 00:01:38 (2132 turns).

Demosthentine the Ducker (Demonspawn Gladiator)     Turns: 2132, Time: 00:01:39

Health: -2/41      AC:  6    Str: 16    XL:     5   Next: 11%
Magic:  5/5        EV: 12    Int: 12    God:
Gold:   73         SH:  0    Dex: 14    Spells: 4/4 levels left

rFire   . . .      SeeInvis .    a - +0 trident
rCold   . . .      Faith    .    (no shield)
rNeg    . . .      Spirit   .    b - +0 leather armour
rPois   .          Reflect  .    (helmet restricted)
rElec   .          Rampage  .    l - +2 cloak
rCorr   .                        (no gloves)
Will    .....                    (no boots)
Stlth   +                        (no amulet)
HPRegen 0.26/turn                (no ring)
MPRegen 0.09/turn                (no ring)

@: no status effects
A: antennae 2, big brain 1
a: no special abilities


You were on level 2 of the Dungeon.
You visited 1 branch of the dungeon, and saw 3 of its levels.

You collected 73 gold pieces.

Inventory:

Hand Weapons
 a - a +0 trident (weapon)
Missiles
 e - a javelin (quivered)
Armour
 b - a +0 leather armour (worn)
 l - a +2 cloak (worn)
Potions
 f - a potion of ambrosia
 g - 2 potions of brilliance {unknown}
 j - a potion of invisibility
 k - a potion of flight {unknown}


   Skills:
 + Level 3.1 Fighting
 + Level 3.5 Polearms
 - Level 1.7 Throwing
 + Level 2.0 Armour
 + Level 3.5 Dodging


You had 4 spell levels left.
You didn't know any spells.
Your spell library was empty.

Dungeon Overview and Level Annotations

Branches:
Dungeon (3/15)

Altars:


Innate Abilities, Weirdness & Mutations

You have a pair of antennae on your head.
You have an unusually large brain. (Int +2)


Message History

Unknown command.
Unknown command.
You hit the sleepcap but do no damage.
The sleepcap is lightly damaged.
The sleepcap releases spores at you but does no damage.
You hit the sleepcap but do no damage.
The sleepcap is lightly damaged.
The sleepcap barely misses you.
Throw: throwing net
Press: ? - help, Q - select action, (/) - cycle Shift-Dir - straight line, f - sleepcap
Aim: a sleepcap (lightly damaged, 98% to hit)
You throw a throwing net. The throwing net hits the sleepcap.
The sleepcap is caught in the net!
The sleepcap is lightly damaged.
The sleepcap struggles against the net.
You hit the sleepcap.
The sleepcap is moderately damaged.
The sleepcap struggles against the net.
You hit the sleepcap but do no damage.
The sleepcap is moderately damaged.
The sleepcap struggles against the net.
You strike the helpless sleepcap from behind!
You hit the sleepcap.
The sleepcap is heavily damaged.
The sleepcap struggles against the net.
You hit the sleepcap but do no damage.
The sleepcap is heavily damaged.
The sleepcap struggles against the net.
The net rips apart, and the sleepcap comes free!
You hit the sleepcap.
The sleepcap is heavily damaged.
The sleepcap closely misses you.
You hit the sleepcap.
The sleepcap is severely damaged.
The sleepcap releases spores at you.
* * * LOW HITPOINT WARNING * * *
You hit the sleepcap.
The sleepcap is almost destroyed.
The sleepcap releases spores at you!
You die...

♣♣.♣ #......... ♣♣.♣♣
##### ###.##..##..
♣♣)).♣ #...#
#...###..#.) ♣))))♣
###.# #.### ##...#
#))))# #.#####.# ###.#
#+..+#####.......# #..
#).).##.##..###### #..
##...##.##f## #.#
##..##.).@# #.#
##.####### #.# #.# #..
#.# ### #.# #g# #.#
#.######################
#.......................


You could see a sleepcap.

Vanquished Creatures
  Crazy Yiuf (D:2)
  A sleepcap (D:2)
  3 gnolls (D:2)
  2 adders (D:2)
  A worm (D:2)
  2 dart slugs (D:2)
  2 endoplasms
  3 giant cockroaches
  5 goblins
  5 hobgoblins
  4 kobolds
  A quokka (D:1)
  A ball python (D:1)
  7 bats
  A frilled lizard (D:2)
  4 rats
43 creatures vanquished.

Notes
Turn   | Place    | Note
-------+----------+-------------------------------------------
     0 | D:1      | Demosthentine the Demonspawn Gladiator began the quest for
                  | the Orb.
     0 | D:1      | Reached XP level 1. HP: 16/16 MP: 1/1
   191 | D:1      | Gained mutation: You have a pair of small antennae on your
                  | head. [demonic ancestry]
   191 | D:1      | Reached XP level 2. HP: 22/22 MP: 2/2
   627 | D:1      | Found a faded altar of an unknown god.
   772 | D:2      | Reached skill level 1 in Armour
   772 | D:2      | Gained mutation: You have an unusually large brain. (Int
                  | +2) [demonic ancestry]
   772 | D:2      | Reached XP level 3. HP: 22/28 MP: 3/3
  1043 | D:2      | Found a runed translucent door.
  1044 | D:2      | Noticed Crazy Yiuf
  1153 | D:2      | Gained mutation: You have a pair of antennae on your head.
                  | [demonic ancestry]
  1153 | D:2      | Reached XP level 4. HP: 10/34 MP: 4/4
  1879 | D:2      | Killed Crazy Yiuf
  2021 | D:2      | Reached XP level 5. HP: 18/41 MP: 5/5
  2132 | D:2      | Slain by a sleepcap

Illustrated notes

Levels and vault maps discovered:
D:1:      dpeg_arrival_windows_large_door, layout_loops_ring,
          dreamdust_ecumenical_altar_angels_and_demons
D:2:      layout_basic, minmay_tromino_v4_c, uniq_crazy_yiuf_cottage
D:3:      layout_basic, hellmonk_no_cap, uniq_terence

Skill      XL: |  1  2  3  4 |
---------------+-------------+-----
Polearms       | 3 |  3.5
Armour         | 1 2 |  2.0
Dodging        | 3 |  3.5
Fighting       | 3 |  3.1
Throwing       | |  1.7

Action                     |  1- 3 |  4- 6 || total
---------------------------+-------+-------++-------
  Melee: Trident           |   124 |    87 ||   211
         Punch             |       |     1 ||     1
  Throw: Throwing net      |       |     3 ||     3
    Use: Scroll            |     1 |     3 ||     4
   Stab: Sleeping          |     2 |       ||     2
         Held in net/web   |       |     2 ||     2
 Armour: Leather armour    |    44 |    18 ||    62
  Dodge: Dodged            |    80 |    45 ||   125

Table legend: (Time is in decaauts)
 A = Elapsed time spent in this place.
 B = Non-inter-level travel time spent in this place.
 C = Inter-level travel time spent in this place.
 D = Time resting spent in this place.
 E = Time spent auto-exploring this place.
 F = Levels seen in this place.
 G = Mean time per level.
                   A        B        C        D        E       F      G
               +--------+--------+--------+--------+--------+-----+--------+
         Total |   2164 |   2051 |    113 |     86 |   1561 |   3 |  721.3 |
       Dungeon |   2164 |   2051 |    113 |     86 |   1561 |   3 |  721.3 |
               +--------+--------+--------+--------+--------+-----+--------+

Top non-repeatable levels by time:
     D:2: 1411 daAuts
     D:1: 705 daAuts
     D:3: 47 daAuts
